 Dungeon Crawl Stone Soup version 0.28.0-45-g0d030f2227 (webtiles) character file.

Game seed: 479347979263040306

618346 Peloso the Minotaur Barricade (level 26, -10/266 HPs)
             Began as a Minotaur Fighter on Apr 11, 2022.
             Was the Champion of Okawaru.
             Killed from afar by an orb of fire (33 damage)
             ... with a bolt of fire
             ... on level 5 of the Realm of Zot on Apr 12, 2022.
             The game lasted 04:16:06 (73886 turns).

Peloso the Minotaur Barricade (Minotaur Fighter)   Turns: 73886, Time: 04:16:06

Health: -10/266    AC: 33    Str: 47    XL:     26   Next: 44%
Magic:  0/35       EV: 34    Int:  2    God:    Okawaru [******]
Gold:   6014       SH: 32    Dex: 27    Spells: 25/25 levels left

rFire   . . .      SeeInvis +   a - +5 double sword (elec)
rCold   + + +      Faith    .   n - +4 tower shield "Etainlog" {rPois rN+ Will++ Int-2}
rNeg    + + .      Spirit   +   H - +4 ice dragon scales of Gluttony {Drain rElec rF- rC++ Regen+ MP+9 Stlth+}
rPois   +          Reflect  .   f - +1 hat
rElec   +          Harm     .   D - +1 cloak of the Hart {Fly Int+2 Dex+6 SInv}
rCorr   +          Rampage  .   J - +1 pair of gloves of the Equinox {rF+ Will+}
Will    ++++.                   P - +2 pair of boots {Fly}
Stlth   +++.......              j - amulet "Woskoepo" {Spirit rCorr Str+9 Int-3 Stlth-}
HPRegen 0.00/turn               R - ring "Leazieth" {rC- rCorr Str+10 Slay+4}
MPRegen 0.24/turn               C - ring of Xom's Entertainment {rElec rC++ rN+ Dex+6}

@: flying, inhibited regen, studying 3 skills, unable to read
A: horns 2, retaliatory headbutt, clumsy 1, sense surroundings 1, screaming 1,
inhibited regeneration, strong 1, inability to read while threatened
}: 4/15 runes: barnacled, slimy, silver, gossamer
a: Renounce Religion, Heroism, Finesse, Duel


You were on level 5 of the Realm of Zot.
You worshipped Okawaru.
Okawaru was exalted by your worship.
You visited 12 branches of the dungeon, and saw 57 of its levels.
You also visited: Trove, Bailey, Gauntlet, Ice Cave and Volcano.

You collected 8724 gold pieces.
You spent 2710 gold pieces at shops.

Inventory:

Hand Weapons
 a - a +5 double sword of electrocution (weapon)
 b - the +10 demon blade of Gravity {flame, rN+ SInv}
   (You took it off a hell knight on level 1 of the Depths)

   It burns those it strikes, dealing additional fire damage.
   Big, fiery blades are also staple armaments of hydra-hunters.
   rN:        It protects you from negative energy.
   SInv:      It lets you see invisible.
 c - the +11 long sword of the Unkillable {speed, Dex+8}
   (Okawaru gifted it to you on level 15 of the Dungeon)

   Attacks with this weapon are significantly faster.
   Dex:       It affects your dexterity (+8).
 d - the +8 autumn katana {vorpal, manifold assault}
   (You acquired it on level 5 of the Realm of Zot)

   It sometimes launches melee attacks against multiple visible enemies.
 x - the +11 falchion "Murmur" {flame, rN+}
   (Okawaru gifted it to you on level 1 of the Realm of Zot)

   It burns those it strikes, dealing additional fire damage.
   Big, fiery blades are also staple armaments of hydra-hunters.
   rN:        It protects you from negative energy.
Armour
 f - a +1 hat (worn)
 i - +0 gold dragon scales
 n - the +4 tower shield "Etainlog" (worn) {rPois rN+ Will++ Int-2}
   (You found it in a Gauntlet)

   Int:       It affects your intelligence (-2).
   rPois:     It protects you from poison.
   rN:        It protects you from negative energy.
   Will:      It greatly increases your willpower.
 y - +0 shadow dragon scales
 D - the +1 cloak of the Hart (worn) {Fly Int+2 Dex+6 SInv}
   (Okawaru gifted it to you on level 2 of the Vaults)

   Int:       It affects your intelligence (+2).
   Dex:       It affects your dexterity (+6).
   SInv:      It lets you see invisible.
   Fly:       It grants you flight.
 H - the +4 ice dragon scales of Gluttony (worn) {Drain rElec rF- rC++ Regen+ MP+9 Stlth+}
   (You took it off an orc in a bailey)

   rF:        It makes you vulnerable to fire.
   rC:        It greatly protects you from cold.
   rElec:     It insulates you from electricity.
   MP:        It affects your magic capacity (+9).
   Regen:     It increases your rate of health regeneration.
   Drain:     It drains your maximum health when unequipped.
   Stlth:     It makes you more stealthy.
 J - the +1 pair of gloves of the Equinox (worn) {rF+ Will+}
   (Okawaru gifted it to you on level 2 of the Spider Nest)

   rF:        It protects you from fire.
   Will:      It increases your willpower.
 L - the +7 storm dragon scales of Past Mistakes {rElec rPois Int+2}
   (Okawaru gifted it to you on level 9 of the Dungeon)

   Int:       It affects your intelligence (+2).
   rElec:     It insulates you from electricity.
   rPois:     It protects you from poison.
 P - a +2 pair of boots of flying (worn)
Jewellery
 j - the amulet "Woskoepo" (around neck) {Spirit rCorr Str+9 Int-3 Stlth-}
   (You found it in a treasure trove)

   [amulet of guardian spirit]

   It causes incoming damage to be divided between your reserves of health and
   magic.
   Str:       It affects your strength (+9).
   Int:       It affects your intelligence (-3).
   rCorr:     It protects you from acid and corrosion.
   Stlth:     It makes you less stealthy.
 m - the amulet of Oqeduw {Spirit rC- rCorr Str+2 SInv}
   (You found it in a treasure trove)

   [amulet of guardian spirit]

   It causes incoming damage to be divided between your reserves of health and
   magic.
   Str:       It affects your strength (+2).
   rC:        It makes you vulnerable to cold.
   SInv:      It lets you see invisible.
   rCorr:     It protects you from acid and corrosion.
 q - an amulet of regeneration
 t - the ring of Ralidd {rN+ AC+4 Str+4 Stlth+}
   (You found it on level 5 of the Pits of Slime)

   [ring of protection]

   AC:        It affects your AC (+4).
   Str:       It affects your strength (+4).
   rN:        It protects you from negative energy.
   Stlth:     It makes you more stealthy.
 C - the ring of Xom's Entertainment (right hand) {rElec rC++ rN+ Dex+6}
   (You found it in an ice cave)

   [ring of positive energy]

   Dex:       It affects your dexterity (+6).
   rC:        It greatly protects you from cold.
   rElec:     It insulates you from electricity.
   rN:        It protects you from negative energy.
 F - the amulet "Xadghemo" {Spirit rN+ SInv}
   (You took it off a white draconian on level 3 of the Realm of Zot)

   [amulet of guardian spirit]

   It causes incoming damage to be divided between your reserves of health and
   magic.
   rN:        It protects you from negative energy.
   SInv:      It lets you see invisible.
 Q - the ring of Kyth {rElec rF+ Stlth+}
   (You took it off a vault warden on level 5 of the Vaults)

   [ring of protection from fire]

   rF:        It protects you from fire.
   rElec:     It insulates you from electricity.
   Stlth:     It makes you more stealthy.
 R - the ring "Leazieth" (left hand) {rC- rCorr Str+10 Slay+4}
   (You bought it in a shop on level 1 of the Depths)

   [ring of slaying]

   Str:       It affects your strength (+10).
   Slay:      It affects your accuracy & damage with ranged weapons and melee
   (+4).
   rC:        It makes you vulnerable to cold.
   rCorr:     It protects you from acid and corrosion.
 S - an amulet of reflection
Scrolls
 e - 9 scrolls of magic mapping
 l - 8 scrolls of immolation
 o - 21 scrolls of teleportation
 r - a scroll of fog
 s - 6 scrolls of fear
 v - 11 scrolls of noise
 w - 2 scrolls of holy word
 z - a scroll of silence
 B - a scroll of enchant armour
 K - 3 scrolls of blinking
Potions
 g - 8 potions of resistance
 h - 4 potions of haste
 k - 18 potions of curing
 p - 10 potions of might
 u - 3 potions of berserk rage
 A - 10 potions of mutation
 E - a potion of ambrosia
 T - 10 potions of heal wounds


   Skills:
 O Level 27 Fighting
 O Level 27 Long Blades
 + Level 3.0 Axes
 + Level 22.7 Armour
 + Level 24.3 Dodging
 + Level 8.4 Stealth
 O Level 27 Shields
 + Level 5.9 Invocations
 + Level 3.1 Evocations


You had 25 spell levels left.
You didn't know any spells.
Your spell library contained the following spells:

 Spells                   Type           Power      Damage    Failure   Level
 Apportation              Tloc           0%         N/A       65%         1
 Freeze                   Ice            0%         1d3       65%         1
 Magic Dart               Conj           0%         1d3       65%         1
 Sandblast                Erth           0%         2d4       65%         1
 Shock                    Conj/Air       0%         1d3       65%         1
 Sting                    Tmut/Pois      0%         1d3       65%         1
 Corpse Rot               Necr/Air       0%         N/A       78%         2
 Ensorcelled Hibernation  Hex/Ice        0%         N/A       78%         2
 Passwall                 Tmut/Erth      0%         N/A       78%         2
 Poisonous Vapours        Pois/Air       0%         N/A       78%         2
 Scorch                   Fire           0%         2d5       78%         2
 Searing Ray              Conj           0%         2d4       78%         2
 Static Discharge         Conj/Air       0%         N/A       78%         2
 Sublimation of Blood     Necr           0%         N/A       78%         2
 Wereblood                Tmut           0%         N/A       78%         2
 Confusing Touch          Hex            0%         N/A       95%         3
 Dazzling Flash           Conj/Hex       0%         N/A       95%         3
 Frozen Ramparts          Ice            0%         1d2       95%         3
 Gell's Gravitas          Tloc           0%         N/A       95%         3
 Ignite Poison            Fire/Tmut/Pois 0%         N/A       95%         3
 Inner Flame              Hex/Fire       0%         N/A       95%         3
 Mephitic Cloud           Conj/Pois/Air  0%         N/A       95%         3
 Ozocubu's Armour         Ice            0%         N/A       95%         3
 Portal Projectile        Hex/Tloc       0%         N/A       95%         3
 Spider Form              Tmut/Pois      0%         N/A       95%         3
 Stone Arrow              Conj/Erth      0%         3d7       95%         3
 Swiftness                Air            0%         N/A       95%         3
 Teleport Other           Tloc           0%         N/A       95%         3
 Airstrike                Air            0%         N/A       100%        4
 Cause Fear               Hex            0%         N/A       100%        4
 Dispel Undead            Necr           0%         3d6       100%        4
 Flame Wave               Conj/Fire      0%         2d4       100%        4
 Fulminant Prism          Conj/Hex       0%         3d6       100%        4
 Hailstorm                Conj/Ice       0%         3d3       100%        4
 Ice Form                 Ice/Tmut       0%         N/A       100%        4
 Iskenderun's Mystic Bla  Conj/Tloc      0%         2d3       100%        4
 Leda's Liquefaction      Hex/Erth       0%         N/A       100%        4
 Passage of Golubria      Tloc           0%         N/A       100%        4
 Petrify                  Tmut/Erth      0%         N/A       100%        4
 Sticky Flame             Conj/Fire      0%         2d3       100%        4
 Blade Hands              Tmut           0%         N/A       100%        5
 Borgnjor's Vile Clutch   Necr/Erth      0%         N/A       100%        5
 Excruciating Wounds      Necr           0%         N/A       100%        5
 Fireball                 Conj/Fire      0%         3d3       100%        5
 Freezing Cloud           Conj/Ice/Air   0%         6-21      100%        5
 Irradiate                Conj/Tmut      0%         3d13      100%        5
 Iskenderun's Battlesphe  Conj           0%         2d6       100%        5
 Lee's Rapid Deconstruct  Erth           0%         3d5*      100%        5
 Lightning Bolt           Conj/Air       0%         1d11      100%        5
 Metabolic Englaciation   Hex/Ice        0%         N/A       100%        5
 Silence                  Hex/Air        0%         N/A       100%        5
 Yara's Violent Unravell  Hex/Tmut       0%         3d3       100%        5
 Conjure Ball Lightning   Conj/Air       0%         3x3d6     100%        6
 Dispersal                Tloc           0%         N/A       100%        6
 Iron Shot                Conj/Erth      0%         9d1       100%        6
 Starburst                Conj/Fire      0%         6d3       100%        6
 Statue Form              Tmut/Erth      0%         N/A       100%        6
 Dragon Form              Tmut           0%         N/A       100%        7
 Enfeeble                 Hex            0%         N/A       100%        7
 Orb of Destruction       Conj           0%         9d5       100%        7
 Borgnjor's Revivificati  Necr           0%         N/A       100%        8
 Discord                  Hex            0%         N/A       100%        8
 Disjunction              Tloc           0%         N/A       100%        8
 Lehudib's Crystal Spear  Conj/Erth      0%         10d2      100%        8
 Necromutation            Tmut/Necr      0%         N/A       100%        8
 Chain Lightning          Conj/Air       0%         N/A       100%        9
 Death's Door             Necr           0%         N/A       100%        9
 Animate Skeleton         Necr           Unusable   N/A       N/A         1
 Summon Small Mammal      Summ           Unusable   N/A       N/A         1
 Call Imp                 Summ           Unusable   N/A       N/A         2
 Summon Guardian Golem    Hex/Summ       Unusable   N/A       N/A         3
 Animate Armour           Summ/Erth      Unusable   N/A       N/A         4
 Summon Ice Beast         Ice/Summ       Unusable   N/A       N/A         4
 Summon Lightning Spire   Summ/Air       Unusable   N/A       N/A         4
 Summon Forest            Summ/Tloc      Unusable   N/A       N/A         5
 Simulacrum               Ice/Necr       Unusable   N/A       N/A         6
 Summon Cactus Giant      Summ           Unusable   N/A       N/A         6
 Summon Hydra             Summ           Unusable   N/A       N/A         7

Dungeon Overview and Level Annotations

Branches:
Dungeon (15/15)            Temple (1/1) D:4            Lair (6/6) D:9
 Shoals (4/4) Lair:3       Spider (4/4) Lair:2        Slime (5/5) Lair:6
    Orc (2/2) D:9             Elf (3/3) Orc:2        Vaults (5/5) D:14
  Crypt (3/3) Vaults:2       Tomb (0/3) Crypt:3      Depths (4/4) D:15
    Zot (5/5) Depths:4     Bailey (visited)           IceCv (visited)
Volcano (visited)         Gauntlet (visited)

Altars:
Elyvilon
Fedhas
Gozag
Hepliaklqana
Makhleb
Nemelex Xobeh
Okawaru
Qazlal
Uskayaw
Vehumet
Xom
Zin
The Shining One
Beogh

Shops:
D:11 ?   Orc:1 :   Orc:2 *=([   Elf:1 :=:=   Elf:2 =   Elf:3 (   Vaults:1 (
Vaults:2 ?   Depths:1 =:!?=(=   Depths:2 (

Portals:
Hell: Depths:1 Depths:2 Depths:3 Depths:4
Abyss: Depths:3
Pandemonium: Depths:2
Ziggurat: Depths:4

Annotations:
D:13 3 runed translucent doors
Lair:2 Casa


Innate Abilities, Weirdness & Mutations

You have a pair of horns on your head.
You reflexively headbutt those who attack you in melee.
You are clumsy. (Dex -2)
You passively map a small area around you.
You occasionally shout uncontrollably at your foes.
You do not regenerate when monsters are visible.
Your muscles are strong. (Str +2)
You sometimes lose the ability to read scrolls when taking damage.


Message History

Things that are here:
a +0 cloak; a +0 rapier The orb of fire glows red.
The bolt of fire hits you!!!
You feel threatened and lose the ability to read scrolls!
The orb of fire glows deep purple.
Strange energies course through your body.
You feel clumsy.
Things that are here:
a +0 hand axe; a +0 mace The orb of fire emits a lurid red light.
The bolt of fire hits you!!
You see here a +0 cloak.
Things that are here:
a +0 cloak; a +0 long sword The orb of fire emits a lurid red light.
The fireball explodes!
The fireball engulfs you!!!
The orb of fire glows bright magenta.
The fireball explodes!
The fireball engulfs you but does no damage.
There is an open door here.
There is an open door, spattered with blood here.
Things that are here:
+0 storm dragon scales; +0 shadow dragon scales The orb of fire glows deep purple.
The bolt of fire misses you.
The orb of fire glows red.
The fireball explodes!
The fireball engulfs you!!!!
* * * LOW HITPOINT WARNING * * *
You see here a +0 halberd.
You cannot read scrolls in your current state!
Unknown command.
You are engulfed in a cloud of scalding steam.
The orb of fire glows red.
Strange energies course through your body.
You feel the urge to shout.
There is a fountain of clear blue water here.
The orb of fire glows red.
The bolt of fire hits you!!!
You die...

##.......[.............#*
##........⌠...........## #
##...................)#* * ##
##.......#######........****
.#####.......## #........,,*,
..##.........# ##......$,,,,
.....⌠.......# ### *.......,,,,
.............###<## *.......,,,,
............###.@.# *#......,,,,
............# #)§.# *......,,,,
.........†..# #.).# *#.....,,,,
.#.........#####.## *,,,,,,,,*
..........)*.^##[#######,⌠,,,,,**
.##........)[[#*..##...##,,,,,**
..##.......[.['.⌠.'..⌠.⌠#,,,,**
.#............#...##...##,,,**
...###........##'#######,,,**


You could see an orb of fire.

Vanquished Creatures
  the Royal Jelly (Slime:5)
  Dissolution (Slime:3)
  An orb of fire (Zot:4)
  4 dread liches
  An ancient lich (Zot:5)
  3 juggernauts
  Mara (Vaults:4)
  Mennas (Depths:4)
  The ghost of xzight the Conqueror, a legendary MiBe of Trog (Depths:2)
  Sojobo (Depths:3)
  A royal mummy (Crypt:3)
  Bai Suzhen (Crypt:2)
  Saint Roka (Depths:3)
  9 golden dragons
  Nikola (Shoals:1)
  Arachne (Spider:3)
  2 bone dragons (Depths:4)
  2 electric golems (Zot:1)
  Jorgrun (Shoals:2)
  Rupert (D:14)
  19 tentacled monstrosities
  9 Orb Guardians
  6 liches
  Mlioglotl (Spider:3)
  A deep elf blademaster (Elf:3)
  A walking crystal tome (Depths:1)
  4 titans
  9 quicksilver dragons
  6 death cobs
  A walking frostbound tome (Depths:4)
  A deep elf master archer (Elf:3)
  3 ancient champions
  7 sphinxes
  16 acid blobs
  Frances (D:13)
  18 storm dragons
  10 shadow dragons
  11 draconian monks
  6 rockslimes
  8 azure jellies
  6 tengu reavers
  Donald (Vaults:4)
  Ilsuiw (Shoals:2)
  6 fire giants
  5 revenants
  6 frost giants
  7 deep elf sorcerers
  4 draconian knights
  Aizul (Spider:4)
  17 vault wardens
  7 orc warlords
  2 ghouls
  5 draconian scorchers
  An iron dragon (Depths:3)
  4 ghost moths
  2 balrugs
  7 deep elf elementalists (Elf:3)
  19 ironbound preservers
  4 draconian shifters
  3 emperor scorpions
  19 stone giants
  7 ironbound thunderhulks
  3 draconian stormcallers
  A curse skull (Crypt:2)
  7 draconian annihilators
  3 spectral caustic shrikes (Depths:3)
  7 broodmothers
  10 quicksilver oozes (Slime:5)
  2 reapers
  19 very ugly things
  6 deep elf demonologists
  The ghost of Peloso the Fencer, a journeyman MiFi of Okawaru (Lair:3)
  2 elemental wellsprings (Shoals:1)
  5 vampire knights
  11 green draconians
  4 purple draconians
  9 black draconians
  The ghost of Nymaqeth the Cleaver, a journeyman DDEE of Makhleb (Lair:2)
  12 red draconians
  20 dire elephants
  11 deep elf annihilators
  6 entropy weavers
  11 white draconians
  4 minotaurs
  7 spark wasps
  7 yellow draconians
  Snorg (D:12)
  7 ettins
  8 deep elf death magi
  3 eidola
  2 mummy priests (Crypt:3)
  12 fire dragons
  8 merfolk impalers
  2 merfolk javelineers
  Josephine (Spider:1)
  3 jiangshi
  14 yaktaur captains
  7 deep elf high priests
  28 vault guards
  12 great orbs of eyes
  A fenstrider witch zombie (Crypt:3)
  4 spriggan air magi
  4 ogre magi
  6 boulder beetles
  10 hydras
  The ghost of DasRunzen the Nimble, a journeyman DjFE of Qazlal (D:10)
  A radroach (Spider:2)
  10 ironbound frosthearts
  3 jorogumos
  An anaconda (Lair:4)
  A catoblepas (Lair:5)
  6 death knights
  5 ice dragons
  2 merfolk avatars
  17 centaur warriors
  10 satyrs
  A death scarab (Spider:3)
  4 hell hogs (Depths:1)
  6 deep troll shamans
  9 tengu warriors
  8 vampire magi
  An alligator snapping turtle (Shoals:4)
  5 orc high priests (Orc:2)
  6 two-headed ogres
  9 death yaks
  24 dancing weapons
  Urug (Lair:1)
  12 deep troll earth magi
  Sonja (D:13)
  4 sun demons
  17 deep elf knights
  5 soul eaters
  A spriggan berserker (Depths:1)
  Nergalle (Lair:1)
  5 hell knights
  13 spriggans (Lair:6)
  9 iron trolls
  A fire crab (shapeshifter) (D:15)
  A shadow wraith (Crypt:2)
  A fire crab (D:12)
  16 skeletal warriors
  3 pharaoh ants
  3 steelbarb worms (Spider:3)
  4 sea snakes
  6 flayed ghosts
  2 anaconda zombies
  A sun moth (Spider:4)
  5 glowing orange brains
  73 deep trolls
  A golden dragon skeleton (Crypt:1)
  A swamp dragon (Lair:2)
  5 bog bodies (Crypt:3)
  10 wizards
  7 orb spiders
  5 deep elf archers
  14 phantasmal warriors
  18 deep elf pyromancers
  A lindwurm (shapeshifter) (Vaults:5)
  28 harpies
  6 necromancers
  23 ironbound convokers
  16 orc knights
  5 lindwurms
  A glowing shapeshifter (Depths:4)
  2 oklob plants
  A sphinx zombie (Depths:2)
  A sphinx skeleton (Depths:2)
  33 ugly things
  An iron dragon zombie (Depths:2)
  17 fauns
  A faun (shapeshifter) (D:15)
  17 deep elf zephyrmancers
  32 manticores
  6 cyclopes
  A salamander (shapeshifter) (D:14)
  6 orc sorcerers
  5 shining eyes
  15 wolf spiders
  29 moths of wrath
  16 elephants
  10 black mambas
  An ice statue (IceCv)
  15 vault sentinels
  A dire elephant zombie (Crypt:2)
  2 titan simulacra
  8 merfolk sirens
  7 water nymphs
  Maggie (D:8)
  19 cane toads
  3 gargoyles (D:10)
  An eye of devastation (shapeshifter) (Vaults:5)
  3 torpor snails
  A torpor snail (shapeshifter) (Depths:3)
  6 smoke demons (Depths:1)
  3 demonic crawlers (Spider:1)
  An elephant slug zombie (Crypt:3)
  A rime drake (shapeshifter) (Elf:2)
  8 komodo dragons
  3 eyes of devastation
  2 efreet
  A hellion (Depths:1)
  2 unseen horrors
  22 yaktaurs
  13 rime drakes
  3 tengu conjurers
  10 freezing wraiths
  11 ice devils (IceCv)
  2 entropy weaver simulacra (IceCv)
  A kobold demonologist (D:13)
  3 anaconda simulacra (IceCv)
  43 guardian mummies
  A hydra zombie (Crypt:3)
  An iron troll skeleton (Crypt:2)
  8 trolls
  5 meliai
  A red devil (Volcano)
  8 polar bears
  4 wind drakes
  21 merfolk
  A satyr zombie (Crypt:1)
  17 blink frogs
  17 tarantellas
  6 hornets
  A harpy skeleton (Crypt:3)
  A raiju (shapeshifter) (D:15)
  12 dream sheep
  75 slime creatures
  7 snapping turtles
  A human simulacrum (Vaults:2)
  17 culicivoras
  A culicivora (shapeshifter) (D:13)
  9 flying skulls (Gauntlet)
  26 jumping spiders
  An alligator skeleton (Crypt:1)
  A vampire (D:12)
  2 air elementals (Elf:3)
  16 water elementals
  A wyvern (Lair:1)
  4 large abominations (Depths:3)
  34 yaks
  14 wraiths
  3 fire elementals
  2 humans (D:7)
  Grum (D:8)
  13 basilisks
  A golden eye (Slime:5)
  8 small abominations (Depths:3)
  9 ushabtiu (Crypt:3)
  44 redbacks
  2 chaos spawn (Depths:3)
  7 steam dragons (Lair:4)
  8 vampire mosquitoes (D:14)
  5 death yak simulacra (IceCv)
  A demonspawn zombie (Crypt:2)
  A merfolk zombie (Crypt:2)
  2 harpy simulacra (IceCv)
  8 wargs
  Edmund (D:5)
  20 water moccasins
  A naga zombie (Crypt:3)
  4 acid dragons
  4 floating eyes
  A floating eye (shapeshifter) (Depths:2)
  61 orc warriors
  2 demonspawn skeletons
  A hell hound (Volcano)
  2 ice beasts
  2 swamp drakes
  A sky beast (D:7)
  5 black bears
  A necrophage (D:6)
  37 wolves
  6 boggarts
  A manticore zombie (Crypt:3)
  A swamp dragon zombie (Crypt:2)
  An ettin simulacrum (Crypt:3)
  7 ogres
  22 centaurs
  11 bullfrogs
  2 palentonga skeletons
  2 scorpions
  3 gnoll sergeants
  3 cane toad simulacra (IceCv)
  2 earth elementals (Elf:3)
  A yaktaur skeleton (Crypt:2)
  A water moccasin zombie (D:5)
  2 two-headed ogre simulacra (IceCv)
  A wyvern skeleton (Crypt:1)
  13 wights
  6 elephant simulacra (IceCv)
  A yak skeleton (Crypt:2)
  5 howler monkeys
  A crimson imp (D:9)
  5 hounds (D:9)
  A bullfrog zombie (D:9)
  5 jellies
  2 bullfrog skeletons
  3 centaur zombies
  A gnoll shaman (D:10)
  A centaur skeleton (D:5)
  21 orc priests
  Natasha (thrice) (D:2)
  2 human skeletons (Crypt:1)
  24 orc wizards
  2 polar bear simulacra (IceCv)
  A troll simulacrum (IceCv)
  4 wolf simulacra (IceCv)
  2 howler monkey zombies (D:8)
  17 mummies
  16 gnolls
  6 adders
  3 white imps
  6 ufetubi
  A halfling skeleton (Crypt:2)
  An adder skeleton (D:4)
  3 worms
  3 dart slugs
  128 orcs
  9 ball pythons
  5 endoplasms
  A giant cockroach (D:4)
  12 goblins
  3 hobgoblins
  2 kobolds
  3 quokkas
  A ball python skeleton (Crypt:3)
  4 bats
  5 frilled lizards
  A rat (D:1)
  A spectral hobgoblin (D:1)
  A fire vortex (Depths:1)
  A plant (Lair:2)
2428 creatures vanquished.

Vanquished Creatures (others)
  A sphinx (Crypt:3)
  A fire giant (Depths:2)
  A death knight (Crypt:3)
  A deep elf knight (Elf:3)
  A merfolk (Shoals:4)
  A slime creature (Slime:4)
  A blink frog (Lair:4)
  A culicivora (Spider:4)
  A howler monkey (D:7)
  An orc (D:9)
  42 fungi
  76 plants
  26 withered plants (Gauntlet)
154 creatures vanquished.

Grand Total: 2582 creatures vanquished

Notes
Turn   | Place    | Note
-------+----------+-------------------------------------------
     0 | D:1      | Peloso the Minotaur Fighter began the quest for the Orb.
     0 | D:1      | Reached XP level 1. HP: 19/19 MP: 0/0
    33 | D:1      | Found a faded altar of an unknown god.
    84 | D:1      | You fall into a shaft and drop 1 floor!
   323 | D:2      | Reached XP level 2. HP: 24/27 MP: 1/1
   626 | D:2      | Noticed Natasha
   630 | D:2      | Killed Natasha
   631 | D:2      | Reached XP level 3. HP: 31/33 MP: 2/2
   683 | D:2      | Noticed Natasha
   687 | D:2      | Killed Natasha
   688 | D:2      | Reached XP level 4. HP: 24/40 MP: 3/3
   945 | D:2      | Noticed Natasha
   951 | D:2      | Killed Natasha
  1494 | D:1      | Reached skill level 5 in Armour
  1929 | D:3      | Reached XP level 5. HP: 42/46 MP: 4/4
  2778 | D:4      | Found a staircase to the Ecumenical Temple.
  2794 | Temple   | Entered the Ecumenical Temple
  2819 | Temple   | Became a worshipper of Warmaster Okawaru
  2871 | D:4      | Reached skill level 5 in Long Blades
  2875 | D:4      | HP: 2/47 [poisoned by an adder]
  3456 | D:4      | Reached XP level 6. HP: 31/53 MP: 5/5
  4580 | D:5      | Entered Level 5 of the Dungeon
  4688 | D:5      | Noticed Edmund
  4697 | D:5      | Killed Edmund
  4789 | D:5      | Reached * piety under Okawaru
  4956 | D:5      | Reached skill level 1 in Dodging
  4956 | D:5      | Reached XP level 7. HP: 60/60 MP: 6/6
  4962 | D:5      | Identified the +3 plate armour of Slimy Music {-Tele Int+5}
  5877 | D:6      | HP: 3/60 [orc/+2 short sword of electrocution (1)]
  5878 | D:6      | Reached skill level 5 in Fighting
  6267 | D:6      | Reached XP level 8. HP: 68/68 MP: 7/7
  6479 | D:6      | Reached ** piety under Okawaru
  6847 | D:7      | Found the +2 ratskin cloak {*Rats rPois rN+ Str-1 Int-1
                  | Dex+1}
  6886 | D:7      | Found a flagged portal.
  6910 | Bailey   | Entered a bailey
  6922 | Bailey   | Reached skill level 5 in Shields
  6939 | Bailey   | Reached skill level 1 in Evocations
  8124 | Bailey   | Identified the +4 ice dragon scales of Gluttony {Drain
                  | rElec rF- rC++ Regen+ MP+9 Stlth+}
  8147 | Bailey   | Reached XP level 9. HP: 56/75 MP: 5/8
  8424 | Bailey   | Reached *** piety under Okawaru
  9566 | D:7      | Reached skill level 10 in Long Blades
  9566 | D:7      | Reached skill level 10 in Armour
  9932 | D:8      | Noticed Grum
  9957 | D:8      | Noticed Maggie
  9961 | D:8      | Killed Grum
  9961 | D:8      | Reached **** piety under Okawaru
 10076 | D:8      | Reached XP level 10. HP: 86/86 MP: 9/9
 10283 | D:9      | Reached ***** piety under Okawaru
 10417 | D:9      | Noticed a manticore
 10430 | D:9      | Identified the +7 storm dragon scales of Past Mistakes
                  | {rElec rPois Int+2} (Okawaru gifted it to you on level 9 of
                  | the Dungeon)
 10430 | D:9      | Received a gift from Okawaru
 10440 | D:9      | Killed a manticore
 10507 | D:9      | Found a burning altar of Makhleb.
 10508 | D:9      | Found a radiant altar of Vehumet.
 10614 | D:9      | Found a staircase to the Lair.
 10773 | D:9      | Found a staircase to the Orcish Mines.
 10963 | D:10     | Entered Level 10 of the Dungeon
 11003 | D:10     | Reached skill level 1 in Stealth
 11157 | D:10     | Reached XP level 11. HP: 61/95 MP: 10/10
 11231 | D:10     | Noticed DasRunzen's ghost (journeyman DjFE)
 11233 | D:10     | Found a runed translucent gate.
 11233 | D:10     | Found a runed translucent gate.
 11233 | D:10     | Found a runed translucent gate.
 11275 | D:10     | Reached skill level 5 in Dodging
 11505 | D:10     | Noticed a two-headed ogre
 11505 | D:10     | Noticed a stone giant
 11506 | D:10     | Found the +10 dark maul {vorpal}
 11643 | D:10     | Killed a two-headed ogre
 11644 | D:10     | Reached skill level 1 in Invocations
 11732 | D:10     | Killed a stone giant
 11732 | D:10     | Received a gift from Okawaru
 11987 | Lair:1   | Entered Level 1 of the Lair of Beasts
 12045 | Lair:1   | Noticed Nergalle
 12047 | Lair:1   | Noticed a five-headed hydra
 12509 | D:8      | Killed Maggie
 12720 | Orc:1    | Entered Level 1 of the Orcish Mines
 12731 | Orc:1    | Noticed an orc sorcerer
 12732 | Orc:1    | Found Zem Qoaty's Book Boutique.
 12732 | Orc:1    | Noticed an orc warlord
 12837 | D:9      | Killed an orc warlord
 12922 | D:9      | Reached skill level 10 in Fighting
 12939 | Orc:1    | Noticed an orc sorcerer
 12946 | Orc:1    | Paralysed by an orc sorcerer for 2 turns
 13109 | Orc:1    | Paralysed by an orc sorcerer for 5 turns
 13117 | D:9      | Killed an orc sorcerer
 13129 | Orc:1    | Paralysed by an orc sorcerer for 4 turns
 13140 | Orc:1    | Killed an orc sorcerer
 13140 | Orc:1    | Received a gift from Okawaru
 13305 | Orc:2    | Entered Level 2 of the Orcish Mines
 13305 | Orc:2    | Noticed an orc sorcerer
 13306 | Orc:2    | Paralysed by an orc sorcerer for 3 turns
 13318 | Orc:2    | Noticed a soul eater
 13375 | Orc:1    | Killed an orc sorcerer
 13600 | Orc:2    | Found a staircase to the Elven Halls.
 13692 | Orc:2    | Noticed an orc knight
 13693 | Orc:2    | Noticed an orc sorcerer
 13721 | Orc:2    | Reached XP level 12. HP: 96/107 MP: 12/12
 13839 | Orc:1    | Reached skill level 10 in Shields
 14249 | Orc:2    | Noticed an orc high priest
 14250 | Orc:2    | Noticed an orc high priest
 14291 | Orc:2    | Killed an orc high priest
 14303 | Orc:2    | Killed an orc high priest
 14374 | Orc:2    | Noticed an orc high priest
 14396 | Orc:2    | Killed an orc high priest
 14455 | Orc:2    | Identified the +8 great sword "Kecies" {freeze, Int+5}
                  | (Okawaru gifted it to you on level 2 of the Orcish Mines)
 14455 | Orc:2    | Received a gift from Okawaru
 14519 | Orc:2    | Noticed an orc warlord
 14563 | Orc:2    | Killed an orc warlord
 14630 | Orc:2    | Found Muonep's Antique Weapon Boutique.
 14634 | Orc:2    | Found Ysapaxku's Antique Armour Shop.
 14680 | Orc:2    | Bought a glowing long sword for 169 gold pieces
 14840 | Orc:2    | Noticed an orc high priest
 14862 | Orc:2    | Killed an orc high priest
 14866 | Orc:2    | Found Xipug's Jewellery Boutique.
 14968 | Orc:2    | Noticed an orc high priest
 15001 | Orc:2    | Killed an orc high priest
 15002 | Orc:2    | Reached skill level 15 in Long Blades
 15023 | Orc:2    | Found Raafis's General Store.
 15031 | Orc:2    | Bought a potion of might for 60 gold pieces
 15546 | Orc:1    | Noticed an orc warlord
 15582 | Orc:1    | HP: 3/113 [orc warlord/+0 glaive (14)]
 15584 | Orc:1    | Killed an orc warlord
 15584 | Orc:1    | Received a gift from Okawaru
 15600 | Orc:2    | Reached XP level 13. HP: 45/119 MP: 14/14
 16222 | D:11     | Found Vedud's Magic Scroll Boutique.
 16346 | D:11     | Bought a scroll of identify for 24 gold pieces
 16346 | D:11     | Bought a scroll of noise for 12 gold pieces
 16378 | D:11     | Bought a scroll of identify for 24 gold pieces
 16378 | D:11     | Bought a scroll of identify for 24 gold pieces
 16378 | D:11     | Bought a scroll of identify for 24 gold pieces
 16378 | D:11     | Bought a scroll of amnesia for 42 gold pieces
 17529 | D:12     | Found an opulent altar of Gozag.
 17530 | D:12     | Found a white marble altar of Elyvilon.
 17531 | D:12     | Found a burning altar of Makhleb.
 17531 | D:12     | Found a hazy altar of Hepliaklqana.
 17539 | D:12     | Paralysed by an ogre mage for 7 turns
 17675 | D:12     | Received a gift from Okawaru
 17895 | D:12     | Reached skill level 15 in Armour
 18355 | D:12     | Received a gift from Okawaru
 18380 | D:12     | Paralysed by something for 7 turns
 18572 | Lair:1   | Killed Nergalle
 18748 | Lair:1   | Noticed Urug
 18752 | Lair:1   | Killed Urug
 18791 | Lair:1   | Reached XP level 14. HP: 130/130 MP: 15/15
 18823 | Lair:1   | Found a burning altar of Makhleb.
 19252 | Lair:1   | Reached ****** piety under Okawaru
 19312 | Lair:2   | Identified the +0 cloak "Duesuel" {+Inv Str-3 Dex+3 Stlth+}
                  | (Okawaru gifted it to you on level 2 of the Lair of Beasts)
 19312 | Lair:2   | Received a gift from Okawaru
 19470 | Lair:2   | Found a dark tunnel.
 19480 | Volcano  | Entered a volcano
 20067 | Lair:2   | Found a hole to the Spider Nest.
 20271 | Lair:2   | Found a runed translucent door.
 20275 | Lair:2   | Noticed Nymaqeth's ghost (journeyman DDEE)
 20570 | D:10     | Killed DasRunzen's ghost
 20909 | Lair:3   | Noticed Peloso's ghost (journeyman MiFi)
 20918 | Lair:3   | Found a transporter.
 20942 | Lair:3   | Found a transporter.
 20943 | Lair:3   | Found a staircase to the Shoals.
 20988 | Lair:3   | Reached skill level 15 in Fighting
 21011 | Lair:3   | Killed Peloso's ghost
 21015 | Lair:3   | Identified the -6 pair of gloves "Wudwesch" {Str+2 Int-4
                  | SInv}
 21017 | Lair:3   | Identified the ring "Sabbeeno" {rCorr Str+3}
 21393 | Lair:3   | Reached skill level 1 in Axes
 22395 | D:13     | Found a runed translucent door.
 22471 | D:13     | Noticed Sonja
 22480 | D:13     | Killed Sonja
 22480 | D:13     | Received a gift from Okawaru
 22494 | D:13     | Found a frozen archway.
 22538 | IceCv    | Entered an ice cave
 22827 | IceCv    | Found an ancient bone altar of Kikubaaqudgha.
 23026 | IceCv    | Received a gift from Okawaru
 23034 | IceCv    | Reached XP level 15. HP: 75/141 MP: 16/16
 23120 | IceCv    | Got Jeeneff's Guide on the Frostbite
 23135 | IceCv    | Identified the ring of Xom's Entertainment {rElec rC++ rN+
                  | Dex+6}
 23366 | D:13     | Noticed Frances
 23385 | D:13     | Killed Frances
 23501 | D:13     | Received a gift from Okawaru
 23593 | D:13     | Noticed Snorg
 23612 | D:12     | Killed Snorg
 23969 | D:13     | Found a runed translucent door.
 24230 | D:13     | Found a runed translucent door.
 24555 | Lair:4   | Found a gate leading to a gauntlet.
 24576 | Gauntlet | Entered a Gauntlet
 24576 | Gauntlet | Found a transporter.
 24579 | Gauntlet | Found a transporter.
 24581 | Gauntlet | Found a runed translucent door.
 24583 | Gauntlet | Found a transporter.
 24586 | Gauntlet | Found a transporter.
 24587 | Gauntlet | Found a transporter.
 24588 | Gauntlet | Found a large runed translucent door.
 24589 | Gauntlet | Found a large runed translucent door.
 24590 | Gauntlet | Found a large runed translucent door.
 24590 | Gauntlet | Found a large runed translucent door.
 24590 | Gauntlet | Found a runed translucent door.
 24591 | Gauntlet | Found a large runed translucent door.
 24592 | Gauntlet | Found a large runed translucent door.
 24595 | Gauntlet | Found a large runed translucent door.
 24595 | Gauntlet | Found a large runed translucent door.
 24598 | Gauntlet | Found a runed translucent gate.
 24601 | Gauntlet | Found a transporter.
 24627 | Gauntlet | Found a transporter.
 24627 | Gauntlet | Found a transporter.
 24632 | Gauntlet | Found a transporter.
 24663 | Gauntlet | Found a transporter.
 24695 | Gauntlet | Found a transporter.
 24695 | Gauntlet | Found a runed translucent gate.
 24696 | Gauntlet | Found a runed translucent gate.
 24696 | Gauntlet | Found a runed translucent door.
 24697 | Gauntlet | Found a large runed translucent door.
 24697 | Gauntlet | Found a large runed translucent door.
 24698 | Gauntlet | Found a large runed translucent door.
 24699 | Gauntlet | Found a large runed translucent door.
 24708 | Gauntlet | Found a large runed translucent door.
 24708 | Gauntlet | Found a large runed translucent door.
 24709 | Gauntlet | Found a large runed translucent door.
 24710 | Gauntlet | Found a large runed translucent door.
 24716 | Gauntlet | Found a transporter.
 24804 | Gauntlet | Identified the +2 pair of gloves of the Raven {rN+ Dex+4}
 24898 | Gauntlet | Identified the ring "Fucsyoqa" {Drain Fly rPois rN+ Int+6}
 25011 | Gauntlet | Got Sif Muna's Guide on Shape Shifting
 25013 | Gauntlet | Identified the +2 ring mail of Instinct {rElec Str+6}
 25015 | Gauntlet | Identified the +4 tower shield "Etainlog" {rPois rN+ Will++
                  | Int-2}
 25015 | Gauntlet | Identified the +2 helmet of the Untouchables {Fly rPois}
 25296 | Lair:4   | Received a gift from Okawaru
 26534 | D:14     | Noticed Rupert
 26553 | D:14     | Killed Rupert
 26662 | D:14     | Found a portal to a secret trove of treasure.
 26767 | D:14     | Found a gate to the Vaults.
 26909 | D:14     | Reached skill level 10 in Dodging
 26909 | D:14     | Reached skill level 15 in Shields
 27498 | D:15     | Entered Level 15 of the Dungeon
 27866 | D:15     | Reached XP level 16. HP: 154/154 MP: 17/17
 27875 | D:15     | Identified the +11 long sword of the Unkillable {speed,
                  | Dex+8} (Okawaru gifted it to you on level 15 of the
                  | Dungeon)
 27875 | D:15     | Received a gift from Okawaru
 28041 | D:15     | Found a staircase to the Depths.
 29288 | Lair:6   | Entered Level 6 of the Lair of Beasts
 29341 | Lair:5   | Received a gift from Okawaru
 29670 | Lair:6   | Found a staircase to the Slime Pits.
 29735 | Lair:6   | Identified the +1 plate armour "Niyraam" {Int+4} (Okawaru
                  | gifted it to you on level 6 of the Lair of Beasts)
 29735 | Lair:6   | Received a gift from Okawaru
 30156 | Lair:6   | Identified the +2 plate armour of Unreason {Str+5 Stlth-}
 30520 | Lair:6   | Identified the +5 chain mail of Vuuties {Int+6}
 31350 | Lair:2   | Identified the +1 robe of the Many Mystics {Harm rN+++
                  | Str+4 Int-4}
 31643 | Lair:2   | Killed Nymaqeth's ghost
 31801 | Elf:1    | Entered Level 1 of the Elven Halls
 31999 | Elf:1    | Found Koexughu's Jewellery Emporium.
 32252 | Elf:1    | Found Ahiosua's Jewellery Shop.
 32253 | Elf:1    | Found Budaanod's Book Shoppe.
 32253 | Elf:1    | Found Reisa's Book Shoppe.
 32427 | Elf:1    | Identified the +10 long sword "Faapraz" {vorpal, rF+}
 32465 | Elf:1    | Got the Papyrus of Confrontation
 32637 | Elf:2    | Reached XP level 17. HP: 161/163 MP: 18/18
 32754 | Elf:2    | Found Hoaxorul's Jewellery Boutique.
 32957 | Elf:2    | Identified the +2 scale mail of Grace {rC+} (Okawaru gifted
                  | it to you on level 2 of the Elven Halls)
 32957 | Elf:2    | Received a gift from Okawaru
 32979 | Elf:2    | Found a runed translucent gate.
 32979 | Elf:2    | Found a runed translucent gate.
 32999 | Elf:2    | Found a runed translucent gate.
 33295 | Elf:3    | Entered Level 3 of the Elven Halls
 33741 | Elf:3    | Identified the +0 bardiche of Usuleguoc {vamp, Fly}
 33989 | Elf:3    | Identified the amulet of Qopot {Spirit Str+3}
 34282 | Elf:3    | Identified the +4 plate armour of Etuteopt {rF+ Int+7}
 34282 | Elf:3    | Noticed a deep elf master archer
 34302 | Elf:3    | Killed a deep elf master archer
 34419 | Elf:3    | Received a gift from Okawaru
 34426 | Elf:3    | Identified the +8 trident "Teco Sor" {spect, *Rage Will+++
                  | Str+7 Int-5}
 34426 | Elf:3    | Identified the +1 robe "Faryl" {Fly Int+3 Dex+4}
 34570 | Elf:3    | Noticed a deep elf blademaster
 34599 | Elf:3    | Killed a deep elf blademaster
 34746 | Elf:3    | Paralysed by an air elemental for 1 turns
 34962 | Elf:3    | Got the Tome of the Blaze and Toxins
 34963 | Elf:3    | Found Lustu's Antique Weapon Shop.
 35423 | Elf:3    | Got the Volume of Supportive Fire
 35433 | Elf:3    | Got Coch's Handbook of Bewitchment and Air
 35489 | Elf:3    | Identified the +10 great sword of Gin and Tonic {vorpal,
                  | Int+6 Dex+3} (Okawaru gifted it to you on level 3 of the
                  | Elven Halls)
 35489 | Elf:3    | Received a gift from Okawaru
 35524 | Elf:3    | Identified the +5 scale mail of Makhleb's Favour {+Inv
                  | rF+++ Will-}
 35724 | Elf:3    | Paralysed by an air elemental for 1 turns
 35733 | Elf:3    | Paralysed by an air elemental for 1 turns
 36325 | Elf:2    | Reached XP level 18. HP: 176/176 MP: 20/20
 36400 | Elf:2    | Received a gift from Okawaru
 36870 | Spider:1 | Entered Level 1 of the Spider Nest
 37016 | Spider:1 | Noticed Josephine
 37023 | Spider:1 | Killed Josephine
 37771 | Spider:2 | Identified the +1 pair of gloves of the Equinox {rF+ Will+}
                  | (Okawaru gifted it to you on level 2 of the Spider Nest)
 37771 | Spider:2 | Received a gift from Okawaru
 38969 | Spider:3 | Noticed Mlioglotl
 38981 | Spider:3 | Noticed a bone dragon
 38984 | Spider:3 | Killed Mlioglotl
 39541 | Shoals:1 | Entered Level 1 of the Shoals
 39748 | Shoals:1 | Noticed Nikola
 39773 | Shoals:1 | Killed Nikola
 40343 | Shoals:1 | HP: 6/178 [water nymph/the raging water (23)]
 40853 | Shoals:2 | Noticed Jorgrun
 40862 | Shoals:2 | Killed Jorgrun
 40862 | Shoals:2 | Identified the +1 chain mail "Zyuni" {*Slow rC- rN+++
                  | rCorr} (Okawaru gifted it to you on level 2 of the Shoals)
 40862 | Shoals:2 | Received a gift from Okawaru
 41080 | Shoals:2 | Noticed Ilsuiw
 41094 | Shoals:2 | Killed Ilsuiw
 41705 | Shoals:3 | Reached XP level 19. HP: 184/184 MP: 21/21
 42232 | Shoals:4 | Entered Level 4 of the Shoals
 42835 | Shoals:4 | Identified the +2 long sword of Integrity {vorpal, rPois
                  | Dex+5 Stlth-}
 42835 | Shoals:4 | Identified the +8 plate armour of the Special Geomancers
                  | {rCorr}
 43636 | Shoals:4 | Got a barnacled rune of Zot
 43891 | Spider:4 | Entered Level 4 of the Spider Nest
 43902 | Spider:4 | Noticed Aizul
 43917 | Spider:4 | Killed Aizul
 43917 | Spider:4 | Received a gift from Okawaru
 44135 | Spider:4 | Noticed Arachne
 44271 | Spider:3 | Killed Arachne
 44915 | Spider:4 | Found the +1 Delatra's gloves {ID++}
 44921 | Spider:4 | Got a gossamer rune of Zot
 44961 | Spider:4 | Identified the +1 plate armour "Udeli" {Will++} (Okawaru
                  | gifted it to you on level 4 of the Spider Nest)
 44961 | Spider:4 | Received a gift from Okawaru
 45506 | Vaults:1 | Entered Level 1 of the Vaults
 45869 | Vaults:1 | Reached XP level 20. HP: 151/195 MP: 22/22
 46067 | Vaults:1 | Found Wowuwoss's Antique Weapon Boutique.
 47317 | Vaults:2 | Identified the +1 cloak of the Hart {Fly Int+2 Dex+6 SInv}
                  | (Okawaru gifted it to you on level 2 of the Vaults)
 47317 | Vaults:2 | Received a gift from Okawaru
 47913 | Vaults:2 | You fall into a shaft and drop 1 floor!
 48110 | Vaults:3 | Found Xegeompiza's Book Shop.
 48458 | Vaults:2 | Found Ycaon Fehyk's Magic Scroll Shop.
 48468 | Vaults:2 | Bought a scroll of teleportation for 39 gold pieces
 48468 | Vaults:2 | Bought a scroll of teleportation for 39 gold pieces
 48468 | Vaults:2 | Bought a scroll of fear for 45 gold pieces
 48468 | Vaults:2 | Bought a scroll of magic mapping for 45 gold pieces
 48522 | Vaults:2 | Found a staircase to the Crypt.
 48718 | Vaults:3 | Reached XP level 21. HP: 205/205 MP: 23/23
 49242 | Vaults:3 | Identified the +1 cloak "Jazoraof" {Drain rCorr Int+2}
                  | (Okawaru gifted it to you on level 3 of the Vaults)
 49242 | Vaults:3 | Received a gift from Okawaru
 50902 | Vaults:4 | Noticed Donald
 50916 | Vaults:4 | Killed Donald
 50945 | Vaults:4 | Noticed Mara
 50953 | Vaults:4 | Noticed Peloso's illusion
 50960 | Vaults:4 | Killed Mara
 51377 | Vaults:5 | Entered Level 5 of the Vaults
 51407 | Vaults:4 | Reached skill level 5 in Stealth
 51796 | Vaults:4 | Reached skill level 27 in Shields
 51950 | Vaults:5 | Noticed a dread lich
 52008 | Vaults:4 | Killed a dread lich
 52008 | Vaults:4 | Received a gift from Okawaru
 52341 | Vaults:4 | Reached XP level 22. HP: 192/217 MP: 24/24
 52828 | Vaults:4 | Received a gift from Okawaru
 53303 | Vaults:5 | Identified the +8 hand crossbow of the Inferno {vorpal,
                  | rPois rF- rN+}
 53305 | Vaults:5 | Identified the +1 giant spiked club of the Shining Light
                  | {vamp, *Slow Int+2 Stlth+}
 53352 | Vaults:5 | Identified the +3 robe "Jucip" {*Slow rN+ Str+6 Int+3}
 53428 | Vaults:5 | Found the +3 hat of Pondering {ponderous, Will+ MP+10
                  | Int+5}
 53452 | Vaults:5 | Got a silver rune of Zot
 53554 | Vaults:5 | Identified the ring of Kyth {rElec rF+ Stlth+}
 53754 | Vaults:5 | Identified the +6 plate armour of Resourcefulness {*Corrode
                  | rF+ Int+3 Dex+2} (Okawaru gifted it to you on level 5 of
                  | the Vaults)
 53754 | Vaults:5 | Received a gift from Okawaru
 53809 | Vaults:5 | Identified the +10 flail of Hoes {spect, rC- rCorr Str+8
                  | Dex+3}
 54142 | Vaults:5 | Found the +0 staff of Battle
 54314 | Vaults:5 | Identified the ring "Remeowim" {Fire Will+ Str+4}
 55047 | Crypt:1  | Entered Level 1 of the Crypt
 55985 | Crypt:2  | Noticed Bai Suzhen
 55997 | Crypt:2  | Killed Bai Suzhen
 56014 | Crypt:2  | Reached skill level 5 in Invocations
 56068 | Crypt:2  | Reached skill level 15 in Dodging
 56719 | Crypt:3  | Entered Level 3 of the Crypt
 56799 | Crypt:3  | Reached XP level 23. HP: 157/229 MP: 25/25
 57023 | Crypt:3  | Received a gift from Okawaru
 57219 | Crypt:3  | Identified the +1 tower shield of Ryufesm {Int+2} (Okawaru
                  | gifted it to you on level 3 of the Crypt)
 57219 | Crypt:3  | Received a gift from Okawaru
 57269 | Crypt:3  | Identified the ring "Pikajon" {+Blink rN+}
 57460 | Crypt:3  | Noticed a royal mummy
 57471 | Crypt:3  | Killed a royal mummy
 58053 | Crypt:3  | Identified the +1 robe of Circular Logic {Will++ Stlth-}
 58286 | Crypt:3  | Identified the ring of Meg Tewni {rElec rF- rN+ Int+3}
 58286 | Crypt:3  | Identified the ring "Fuump" {rN+ SInv}
 58580 | Crypt:3  | Found a staircase to the Tomb.
 59147 | Depths:1 | Entered Level 1 of the Depths
 59283 | Depths:1 | Found an opulent altar of Gozag.
 59355 | Depths:1 | Found Nelumo's Jewellery Boutique.
 59381 | Depths:1 | Found Riyqevin's Jewellery Emporium.
 59408 | Depths:1 | Bought the ring "Leazieth" {rC- rCorr Str+10 Slay+4} for
                  | 1444 gold pieces
 59411 | Depths:1 | Got the Collected Works on Entrancing Earth
 59468 | Depths:1 | Found Joro's Distillery.
 59471 | Depths:1 | Found Xaonudgh's Magic Scroll Boutique.
 59471 | Depths:1 | Found Ithreupt's Jewellery Shop.
 59474 | Depths:1 | Found Sozid's Book Shop.
 59498 | Depths:1 | Bought a scroll of teleportation for 63 gold pieces
 59498 | Depths:1 | Bought a scroll of teleportation for 63 gold pieces
 59498 | Depths:1 | Bought a scroll of magic mapping for 73 gold pieces
 59498 | Depths:1 | Bought a scroll of brand weapon for 420 gold pieces
 59509 | Depths:1 | Bought a potion of heal wounds for 100 gold pieces
 60089 | Depths:1 | Found Utywebex's Weapon Boutique.
 60200 | Depths:1 | Found a gateway to Hell.
 60304 | Depths:1 | Identified the +10 demon blade of Gravity {flame, rN+ SInv}
 60788 | Depths:2 | Noticed a juggernaut
 60821 | Depths:2 | Paralysed by a floating eye for 2 turns
 60869 | Depths:1 | Killed a juggernaut
 61168 | Depths:2 | Noticed a juggernaut
 61179 | Depths:2 | Paralysed by a floating eye for 3 turns
 61188 | Depths:2 | Killed a juggernaut
 61191 | Depths:2 | Paralysed by a floating eye for 2 turns
 61199 | Depths:2 | Paralysed by a floating eye for 4 turns
 61426 | Depths:2 | Identified the +2 chain mail "Arrunuo" {rC+ Will+ rCorr}
                  | (Okawaru gifted it to you on level 2 of the Depths)
 61426 | Depths:2 | Received a gift from Okawaru
 61452 | Depths:2 | Reached XP level 24. HP: 243/243 MP: 25/25
 61485 | Depths:2 | Found Guxir's Weapon Shop.
 61635 | Depths:2 | Reached skill level 27 in Long Blades
 61896 | Depths:2 | Found a runed translucent door.
 61897 | Depths:2 | Found a shimmering altar of Xom.
 61897 | Depths:2 | Noticed xzight's ghost (legendary MiBe)
 61938 | Depths:2 | Killed xzight's ghost
 62032 | Depths:2 | Found a one-way gate leading to the halls of Pandemonium.
 62188 | Depths:3 | Noticed a juggernaut
 62189 | Depths:3 | Found the +8 orange crystal plate armour {Archmagi, Int+3
                  | Clar}
 62193 | Depths:3 | Found the +8 demon trident "Rift" {distort, reach+}
 62209 | Depths:3 | Killed a juggernaut
 62320 | Depths:3 | Identified the +4 war axe of Putrescence {speed, Dex+3}
 62358 | Depths:3 | Got the Handbook of Toxic Transmutation
 63204 | Depths:3 | Noticed Sojobo
 63212 | Depths:3 | Paralysed by an air elemental for 1 turns
 63402 | Depths:3 | Found a one-way gate to the infinite horrors of the Abyss.
 63586 | Depths:3 | Noticed Saint Roka
 63606 | Depths:3 | Killed Saint Roka
 63697 | Depths:3 | Killed Sojobo
 63916 | Depths:4 | Entered Level 4 of the Depths
 64102 | Depths:4 | Found a gate to the Realm of Zot.
 64163 | Depths:4 | Received a gift from Okawaru
 64284 | Depths:4 | Found a one-way gateway to a ziggurat.
 64554 | Depths:4 | Noticed Mennas
 64579 | Depths:4 | Killed Mennas
 65268 | Slime:1  | Entered Level 1 of the Pits of Slime
 65634 | Slime:2  | Reached skill level 27 in Fighting
 65698 | Slime:2  | Gained mutation: You are frail. (-10% HP) [a shining eye]
 65717 | Slime:3  | Noticed Dissolution
 65732 | Slime:3  | Killed Dissolution
 65739 | Slime:3  | Gained mutation: Your magical capacity is low. (-10% MP) [a
                  | shining eye]
 65741 | Slime:3  | Gained mutation: You tend to lose your temper in combat. [a
                  | shining eye]
 65744 | Slime:3  | Gained mutation: You sometimes lose the ability to read
                  | scrolls when taking damage. [a shining eye]
 65768 | Slime:3  | Lost mutation: You tend to lose your temper in combat. [a
                  | shining eye]
 65840 | Slime:4  | Received a gift from Okawaru
 65934 | Slime:5  | Entered Level 5 of the Pits of Slime
 66131 | Slime:5  | Reached XP level 25. HP: 231/231 MP: 23/23
 66136 | Slime:5  | Noticed the Royal Jelly
 66173 | Slime:5  | Killed the Royal Jelly
 66275 | Slime:5  | Paralysed by a floating eye for 3 turns
 66280 | Slime:5  | Found the macabre finger necklace {rN+}
 66284 | Slime:5  | Identified the ring "Qinit" {Contam rElec rPois rC+++ MP+9}
 66319 | Slime:5  | Got a slimy rune of Zot
 66326 | Slime:5  | Identified the +5 falchion "Gikaocw" {spect, rElec}
 66346 | Slime:5  | Identified the ring of Ralidd {rN+ AC+4 Str+4 Stlth+}
 66952 | D:14     | You showed the slimy rune of Zot to enter a treasure trove
 66953 | Trove    | Entered a treasure trove
 66959 | Trove    | Identified the amulet "Woskoepo" {Spirit rCorr Str+9 Int-3
                  | Stlth-}
 66962 | Trove    | Identified the amulet of Oqeduw {Spirit rC- rCorr Str+2
                  | SInv}
 66968 | Trove    | Identified the ring "Itahub" {Ice rPois}
 66973 | Trove    | Identified the ring of Loriy {Fly Int+4}
 67314 | Lair:2   | Lost mutation: Your magical capacity is low. (-10% MP)
                  | [potion of mutation]
 67314 | Lair:2   | Lost mutation: You sometimes lose the ability to read
                  | scrolls when taking damage. [potion of mutation]
 67314 | Lair:2   | Lost mutation: You are frail. (-10% HP) [potion of
                  | mutation]
 67314 | Lair:2   | Gained mutation: You passively map a small area around you.
                  | [potion of mutation]
 67314 | Lair:2   | Gained mutation: Your muscles are strong. (Str +2) [potion
                  | of mutation]
 67855 | Zot:1    | Entered Level 1 of the Realm of Zot
 68166 | Zot:1    | Identified a scroll of acquirement
 68560 | Zot:1    | Identified the +11 falchion "Murmur" {flame, rN+} (Okawaru
                  | gifted it to you on level 1 of the Realm of Zot)
 68560 | Zot:1    | Received a gift from Okawaru
 69542 | Zot:2    | Identified the -2 cloak of a bailey {rCorr Int-4 Dex+5}
                  | (Okawaru gifted it to you on level 2 of the Realm of Zot)
 69542 | Zot:2    | Received a gift from Okawaru
 70281 | Zot:3    | Identified the amulet "Xadghemo" {Spirit rN+ SInv}
 71486 | Zot:4    | Reached XP level 26. HP: 266/266 MP: 26/26
 72054 | Zot:5    | Entered Level 5 of the Realm of Zot
 72069 | Zot:5    | Acquired the +8 autumn katana {vorpal, manifold assault}
 72069 | Zot:5    | Found the +8 autumn katana {vorpal, manifold assault}
 73181 | Zot:5    | Received a gift from Okawaru
 73444 | Zot:5    | Noticed a dread lich
 73453 | Zot:5    | Noticed a dread lich
 73454 | Zot:5    | Noticed an orb of fire
 73618 | Zot:4    | Killed a dread lich
 73626 | Zot:4    | Killed an orb of fire
 73740 | Zot:4    | Killed a dread lich
 73796 | Zot:5    | Noticed a dread lich
 73805 | Zot:5    | Noticed an ancient lich
 73811 | Zot:5    | Killed a dread lich
 73821 | Zot:5    | Killed an ancient lich
 73831 | Zot:5    | Noticed a dread lich
 73832 | Zot:5    | Noticed an orb of fire
 73833 | Zot:5    | Noticed an orb of fire
 73843 | Zot:5    | Gained mutation: You do not regenerate when monsters are
                  | visible. [an orb of fire]
 73844 | Zot:5    | Gained mutation: You sometimes lose the ability to read
                  | scrolls when taking damage. [an orb of fire]
 73876 | Zot:5    | Gained mutation: You are clumsy. (Dex -2) [an orb of fire]
 73885 | Zot:5    | Gained mutation: You occasionally shout uncontrollably at
                  | your foes. [an orb of fire]
 73886 | Zot:5    | Killed from afar by an orb of fire

Illustrated notes

Levels and vault maps discovered:
D:1:      wander_arrival_chamber, layout_loops_cross,
          dreamdust_ecumenical_altar_drowned_temple
D:2:      layout_loops_cross, uniq_natasha
D:3:      layout_basic
D:4:      layout_basic, minmay_temple_entry_junction
D:5:      layout_basic, uniq_edmund
D:6:      layout_basic
D:7:      layout_basic, enter_bailey_4, minmay_ruffians
D:8:      layout_basic, hangedman_decor_growths, chequers_mini_garden,
          uniq_maggie, uniq_grum
D:9:      layout_rooms, grunt_temple_overflow_lords_of_destruction,
          erik_lair_island, erik_orc_1, serial_aquarium, aquarium_bridge_square
          [aquarium_subvault_window, aquarium_subvault_bridge,
          aquarium_subvault_wall, aquarium_subvault_wall],
          aquarium_bridge_long_separate [aquarium_subvault_bridge,
          aquarium_subvault_window, aquarium_subvault_window,
          aquarium_subvault_bridge, aquarium_subvault_wall,
          aquarium_subvault_window], aquarium_window_corridor_2,
          aquarium_window_2, aquarium_window_fake, aquarium_view_2b
D:10:     minmay_roctagon, layout_long_grid, serial_glass, glass_columns_a,
          glass_columns_a, glass_columns_c, glass_columns_b, glass_columns_a,
          glass_columns_a, glass_columns_a, glass_columns_a,
          gammafunk_ghost_split
D:11:     layout_basic, serial_corexii_hall, corexii_hall_statues_x,
          corexii_hall_statues_l, minmay_holes, nicolae_stop_n_shop_2
D:12:     minmay_the_grid_octo_triangle [minmay_the_grid_octo_shrine,
          minmay_the_grid_octo_prize_star, minmay_the_grid_octo_focus],
          layout_loops_ring
D:13:     layout_irregular_city, portal_ice_cave_entry_pillars_2,
          mikee_hates_you, uniq_sonja, uniq_frances, uniq_snorg
D:14:     layout_gridville, lightli_vaults_fourway_checkpoint,
          trove_entry_hex_spiral, uniq_rupert
D:15:     grunt_enter_depths_snipers, layout_small_grid,
          chequers_serial_rivers_micro_e, serial_rivers,
          chequers_serial_rivers_small_a, chequers_serial_rivers_large_a,
          chequers_serial_rivers_large_b, chequers_serial_rivers_small_3
Temple:   regret_index_temple_chain_breaker
Lair:1:   layout_regular_city, lemuel_oklob_altar, uniq_nergalle, uniq_urug
Lair:2:   layout_long_grid, hellmonk_spider_entry_life_and_decay,
          ebering_ghost_inner_flame, nicolae_volcano_entry_vermiform,
          hibernation_bobbens
Lair:3:   layout_layer_cave, shoals_dummy_entry,
          gammafunk_ghost_berserking_beasts, lemuel_fruit_tree
Lair:4:   beast_lair_carwin_large_3, layout_loops_ring, gauntlet_entry_generic,
          bobbens_dragon_lair_wall
Lair:5:   layout_roguey, grunt_megastairs_5
Lair:6:   minmay_lair_end_enchanted_forest, layout_big_grid,
          minmay_slime_entry_pillars, grunt_megastairs_3,
          infiniplex_staircase_pool_2
Shoals:1: layout_shoals, nicolae_shoals_spring_well_temple, uniq_nikola
Shoals:2: layout_shoals, uniq_jorgrun, uniq_ilsuiw
Shoals:3: cheibrodos_shoals_roost, layout_shoals
Shoals:4: shoals_end_hellmonk_lost_city, serial_shops
Spider:1: layout_spider_delve, uniq_josephine
Spider:2: layout_spider_delve
Spider:3: layout_cave_pods, uniq_mlioglotl
Spider:4: hellmonk_spider_rune_endless_swarm, uniq_aizul, uniq_arachne
Slime:1:  cheibrodos_slime_lost_civilization_3, layout_caves
Slime:2:  layout_caves
Slime:3:  layout_caves, dissolution_awaits
Slime:4:  layout_caves
Slime:5:  uniq_dissolution
Orc:1:    layout_diamond_mine, serial_shops, shop
Orc:2:    grunt_orc_community_town_hall, layout_diamond_mine,
          grunt_orc_community_big_house_2, grunt_orc_community_big_house_1,
          grunt_orc_community_house_1, grunt_orc_community_house_3,
          grunt_orc_community_house_2, grunt_orc_community_house_1,
          grunt_orc_community_house_2, grunt_orc_community_house_3
Elf:1:    elf_arrival_001, layout_geoelf_diagonals, serial_shops,
          nicolae_shop_behind_doors, minmay_elf_annihilation,
          minmay_misc_feat_alley, minmay_shop_grove
Elf:2:    nicolae_elf_blades_splatter_lattice
          [nicolae_vaults_blade_armed_guards], layout_geoelf_octagon,
          serial_shops, nicolae_shop_trees
Elf:3:    minmay_elf_hall_curves, layout_geoelf_grid,
          nicolae_elf_elemental_lessons, minmay_shop_star
Vaults:1: hangedman_vaults_impose, vaults_room_stairs_pillars,
          nicolae_vaults_network_barrier, grunt_vaults_twisty,
          nicolae_vaults_alarming, nicolae_vaults_mini_display_case,
          layout_vaults_big_room, serial_shops, nicolae_shop_behind_doors
Vaults:2: ontoclasm_vaults_chip, serial_ice_b, v_rooms_1,
          blue_anna_dwarven_crypt, grunt_vaults_hallway_long, v_misc_1,
          v_misc_5, v_misc_10, ontoclasm_vaults_eye, v_misc_17,
          ontoclasm_vaults_shout, vaults_dpeg_ring, layout_vaults_maze_snakey,
          serial_shops, nicolae_lakefront_shop
Vaults:3: v_alt_pattern_4, v_misc_26, nicolae_vaults_asterisk,
          nicolae_vaults_what_the_h, v_misc_14, ontoclasm_vaults_gateway,
          nicolae_vaults_angled_halls, vaults_room_door_ring,
          ontoclasm_vaults_spin, v_misc_30, nicolae_vaults_yaktaur_gun_rack,
          v_alt_pattern_5, layout_vaults_omnicross, serial_shops, shop
Vaults:4: nicolae_vaults_network_square, v_alt_pattern_6,
          vaults_room_large_hall, vaults_mumra_hexcomb,
          nicolae_vaults_border_crossing, serial_ice_g, vaults_mumra_minichess,
          hangedman_vaults_corner_blocks, vaults_room_stairs_pillars,
          layout_vaults_omnigrid, uniq_mara, uniq_margery, uniq_donald
Vaults:5: serial_shops
Crypt:1:  layout_gridlike, library_closet, grunt_crypt_arrival_guarded_gate
Crypt:2:  layout_chaotic_city, grunt_megastairs_2,
          roderic_lattice_octagonal_star, uniq_bai_suzhen
Crypt:3:  due_elkab, layout_chaotic_city, nicolae_tomb_entry_grand_gallery,
          lemuel_nasty_fountain
Depths:1: layout_gridlike, hellmouth_2, serial_shops, nicolae_shop_crystal,
          shop, nicolae_shop_waterfront, nicolae_gozag_seed_capital,
          minmay_shoptagon, serial_bayou_shore_b
Depths:2: grunt_x_marks_the_spot, layout_cave_pools, serial_bayou_shore_a,
          hangedman_geh_valley, rand_demon_pan_entry_9, ebering_ghost_xom,
          serial_shops, nicolae_shop_crystal
Depths:3: minmay_strange_plus, layout_gridlike, pf_hell_entry_tar_river,
          minmay_room_of_horrors, minmay_misc_feat_roman, uniq_sojobo,
          uniq_saint_roka
Depths:4: grunt_crosshair, layout_honeycomb, enter_ziggurat_e, hell_entry,
          grunt_megastairs_1, uniq_mennas
Zot:1:    layout_gridlike
Zot:2:    layout_misc_corridors
Zot:3:    layout_cathedral_of_symmetry
Zot:4:    layout_cathedral_of_symmetry
Zot:5:    layout_onion, grunt_ministairs_5, st_stairs_10

Skill      XL: |  1  2  3  4  5  6  7  8  9 10 11 12 13 14 15 16 17 18 19 20 21 22 23 24 25 26 |
---------------+-------------------------------------------------------------------------------+-----
Armour         | 4 5 7 8 10 11 13 14 16 17 18 19 21 22 | 22.7
Fighting       | 4 5 6 7 8 10 12 13 15 16 17 19 20 21 22 24 25 27 | 27.0
Long Blades    | 3 4 5 6 7 9 10 12 14 15 16 17 18 19 20 21 22 23 24 26 27 | 27.0
Shields        | 4 5 7 8 9 11 12 13 15 17 19 21 23 25 27 | 27.0
Dodging        | 1 2 3 4 5 6 8 9 10 11 12 13 14 15 16 18 22 24 | 24.3
Evocations     | 2 3 |  3.1
Stealth        | 1 2 3 4 5 6 7 8 |  8.4
Invocations    | 2 3 4 5 |  5.9
Axes           | 2 3 |  3.0

Action                   |  1- 3 |  4- 6 |  7- 9 | 10-12 | 13-15 | 16-18 | 19-21 | 22-24 | 25-27 || total
-------------------------+-------+-------+-------+-------+-------+-------+-------+-------+-------++-------
Melee: Long sword        |    47 |   187 |   323 |   127 |       |       |       |    15 |       ||   699
       Headbutt          |     7 |    23 |    60 |   247 |   334 |   391 |   562 |   696 |   311 ||  2631
       Falchion          |       |       |       |   836 |   130 |       |       |       |       ||   966
       Double sword      |       |       |       |       |  1051 |  1477 |  1829 |  1907 |   789 ||  7053
       Dagger            |       |       |       |       |    18 |       |       |       |       ||    18
       Broad axe         |       |       |       |       |     9 |       |       |       |       ||     9
       Scimitar          |       |       |       |       |       |   107 |       |       |       ||   107
Invok: Heroism           |       |       |     9 |    26 |    16 |     8 |    20 |    16 |     2 ||    97
Evoke: Wand              |       |     2 |    24 |       |     3 |       |       |       |       ||    29
  Use: Potion            |       |     2 |     1 |     1 |     1 |     7 |       |     2 |     3 ||    17
       Scroll            |       |       |     2 |     1 |    29 |     6 |     2 |     5 |     3 ||    48
 Stab: Distracted        |       |       |       |       |     1 |     2 |       |     4 |       ||     7
       Sleeping          |       |       |       |       |     2 |     3 |     6 |    18 |     3 ||    32
       Petrified         |       |       |       |       |       |     2 |       |       |       ||     2
Armor: Chain mail        |    16 |   107 |   163 |       |       |       |       |       |       ||   286
       Scale mail        |     2 |       |       |       |       |       |       |       |       ||     2
       Ice dragon scales |       |       |    89 |   390 |   646 |   502 |   728 |   355 |   178 ||  2888
Dodge: Dodged            |    20 |    64 |   204 |   433 |   728 |   522 |  1006 |   858 |   779 ||  4614
Block: Buckler           |    12 |    46 |   119 |   278 |   216 |       |       |       |       ||   671
       Kite shield       |       |       |       |       |   259 |       |       |       |       ||   259
       Tower shield      |       |       |       |       |   347 |  1915 |  3132 |  2482 |  1410 ||  9286
